 Dungeon Crawl Stone Soup version 0.30-a0-715-gdb4ae3ece1 (webtiles) character file.

Game seed: 8510195724461553350

74715 Strat the Carver (level 15, -1/128 HPs)
             Began as a Purple Draconian Reaver on Jan 23, 2023.
             Was a High Priest of Vehumet.
             Slain by a spatial maelstrom (7 damage)
             ... on level 2 of the Abyss on Jan 25, 2023.
             The game lasted 01:15:47 (21709 turns).

Strat the Carver (Purple Draconian Reaver)         Turns: 21709, Time: 01:15:47

Health: -1/128     AC: 15    Str: 20    XL:     15   Next: 7%
Magic:  30/32      EV: 20    Int: 13    God:    Vehumet [*****.]
Gold:   2433       SH:  5    Dex: 12    Spells: 2/41 levels left

rFire   . . .      SeeInvis .    a - +3 scimitar (flame)
rCold   + + .      Faith    .    x - +0 buckler
rNeg    + + +      Spirit   .    (body armour unavailable)
rPois   .          Reflect  .    (helmet restricted)
rElec   +          Harm     .    V - +1 cloak "Myiqoof" {Fly rC+ rN+}
rCorr   .          Rampage  .    A - +2 pair of gloves {Str+3}
Will    ++...                    L - +0 pair of boots
Stlth   +                        t - amulet of regeneration
HPRegen 1.21/turn                w - +5 ring of evasion
MPRegen 0.23/turn                P - ring of Ytirih {rElec rC+ rN+++ Dex-3 Slay+3}

@: flying, studying Staves
A: breathe power, AC +9, unfitting armour, cold-blooded
a: Breathe Dispelling Energy, Renounce Religion


You were on level 2 of the Abyss.
You worshipped Vehumet.
Vehumet was extremely pleased with you.
You visited 4 branches of the dungeon, and saw 21 of its levels.
You visited the Abyss 1 time.
You also visited: Sewer, Ossuary and Gauntlet.

You collected 2496 gold pieces.
You spent 63 gold pieces at shops.

Inventory:

Hand Weapons
 a - a +3 scimitar of flaming (weapon)
 u - a +2 scimitar of draining
 y - a +1 heavy falchion
Missiles
 j - 6 curare-tipped darts
 q - 2 throwing nets
 E - 26 poisoned darts
Armour
 x - a +0 buckler (worn)
 A - a +2 pair of gloves of strength (worn)
 L - a +0 pair of boots (worn)
 V - the +1 cloak "Myiqoof" (worn) {Fly rC+ rN+}
   (You found it in a Gauntlet)

   rC:        It protects you from cold.
   rN:        It protects you from negative energy.
   Fly:       It grants you flight.
Jewellery
 r - a ring of see invisible
 t - an amulet of regeneration (around neck)
 w - a +5 ring of evasion (left hand)
 F - the necklace of Bloodlust {Fury *Rage Will++ Int-3 Slay+6}
   (You found it on level 12 of the Dungeon)

   [amulet of nothing]

   Fury:      It extends the wearer's berserk rage when killing foes.
   Int:       It affects your intelligence (-3).
   Slay:      It affects your accuracy & damage with ranged weapons and melee
   (+6).
   *Rage:     It berserks you when you make melee attacks (+50% chance).
   Will:      It greatly increases your willpower.
 P - the ring of Ytirih (right hand) {rElec rC+ rN+++ Dex-3 Slay+3}
   (You found it on level 1 of the Lair of Beasts)

   [ring of protection from cold]

   Dex:       It affects your dexterity (-3).
   Slay:      It affects your accuracy & damage with ranged weapons and melee
   (+3).
   rC:        It protects you from cold.
   rElec:     It insulates you from electricity.
   rN:        It renders you almost immune to negative energy.
Wands
 l - a wand of iceblast (9)
 B - a wand of light (7)
 D - a wand of digging (6)
 H - a wand of charming (5)
 J - a wand of polymorph (5)
 R - a wand of flame (22)
 W - a wand of mindburst (11)
Scrolls
 b - 2 scrolls of torment
 i - 12 scrolls of immolation
 m - 5 scrolls of magic mapping
 o - 5 scrolls of amnesia
 s - 2 scrolls of butterflies
 v - 3 scrolls of enchant armour
 C - 2 scrolls of teleportation
 I - 5 scrolls of identify
 K - 2 scrolls of silence
 O - 3 scrolls of fog
 Q - a scroll of brand weapon
 Y - a scroll of fear
Potions
 c - 4 potions of might
 d - 2 potions of lignification
 e - 6 potions of ambrosia
 f - 3 potions of cancellation
 g - 2 potions of magic
 h - 8 potions of curing
 k - a potion of flight
 n - 4 potions of resistance
 p - 3 potions of mutation
 z - 3 potions of haste
 G - 4 potions of brilliance
 M - 2 potions of attraction
 X - a potion of berserk rage
Miscellaneous
 N - a box of beasts


   Skills:
 + Level 10.6 Fighting
 - Level 14.0 Long Blades
 - Level 10.0 Dodging
 - Level 5.0 Shields
 - Level 13.9 Spellcasting
 - Level 8.0 Conjurations
 + Level 3.1 Summonings
 - Level 1.0 Necromancy
 - Level 1.0 Translocations
 + Level 7.7 Ice Magic
 + Level 3.8 Air Magic
 - Level 7.0 Evocations


You had 2 spell levels left.
You knew the following spells:

 Your Spells              Type           Power      Damage    Failure   Level
a - Kiss of Death         Conj/Necr      80%        2d11      1%          1
b - Momentum Strike       Conj/Tloc      40%        3d9       1%          2
c - Blink                 Tloc           22%        N/A       10%         2
d - Searing Ray           Conj           58%        2d6       1%          2
e - Hailstorm             Conj/Ice       29%        3d8       1%          3
f - Ozocubu's Armour      Ice            29%        N/A       1%          3
g - Frozen Ramparts       Ice            58%        1d9       1%          3
h - Freezing Cloud        Conj/Ice/Air   13%        6-21      5%          5
i - Iskenderun's Battles  Conj           29%        2d8       2%          5
j - Ozocubu's Refrigerat  Ice            14%        4d10      58%         7
k - Summon Lightning Spi  Summ/Air       18%        N/A       22%         4
l - Wereblood             Tmut           9%         N/A       14%         2

Your spell library contained the following spells:

 Spells                   Type           Power      Damage    Failure   Level
 Iron Shot                Conj/Erth      9%         9d3       54%         6
 Freeze                   Ice            100%       1d10      1%          1
 Magic Dart               Conj           100%       1d8       1%          1
 Lesser Beckoning         Tloc           22%        N/A       10%         2
 Sublimation of Blood     Necr           11%        N/A       10%         2
 Kindle Blastsparks       Fire/Tloc/Air  26%        2d12      4%          3
 Airstrike                Air            9%         2d(2-18)  5%          4
 Fulminant Prism          Conj/Hex       9%         3d7       5%          4
 Lightning Bolt           Conj/Air       12%        1d25      6%          5
 Ignite Poison            Fire/Tmut/Pois 9%         N/A       8%          3
 Gell's Gravitas          Tloc           11%        N/A       19%         3
 Teleport Other           Tloc           11%        N/A       19%         3
 Summon Hydra             Summ           8%         N/A       100%        7


Dungeon Overview and Level Annotations

Branches:
Dungeon (13/15)            Temple (1/1) D:6            Lair (5/5) D:8
 Shoals (0/4) Lair:2        Snake (0/4) Lair:3        Slime (0/5) Lair:5
    Orc (2/2) D:10            Elf (0/3) Orc:2         Sewer (visited)
Ossuary (visited)         Gauntlet (visited)
 Vaults: D:13-14

Altars:
Ashenzari
Cheibriados
Dithmenos
Elyvilon
Fedhas
Gozag
Hepliaklqana
Kikubaaqudgha
Makhleb
Nemelex Xobeh
Okawaru
Qazlal
Ru
Sif Muna
Trog
Uskayaw
Vehumet
Wu Jian
Xom
Yredelemnul
Zin
The Shining One
Jiyva
Lugonu

Shops:
D:8 *   Orc:2 =*([

Portals:
Abyss: D:9

Annotations:
D:6 3 runed translucent doors, purpskrrrp's ghost, amateur FeMo
D:9 2 runed translucent doors
D:10 4 runed translucent doors, Harold
D:13 Sonja


Innate Abilities, Weirdness & Mutations

You can breathe bolts of dispelling energy.
Your rich purple scales are hard. (AC +9)
You cannot fit into any form of body armour.
You are cold-blooded and may be slowed by cold attacks.


Message History

The large abomination is severely damaged.
The large abomination closely misses you.
Casting: Frozen Ramparts (safe; 1% risk of failure)
Confirm with . or Enter, or press ? or * to list all spells.
A film of ice covers your body!
You hit the large abomination. You burn the large abomination.
You tail-slap the large abomination, but do no damage.
The large abomination is severely damaged.
The large abomination closely misses you.
A spatial vortex comes into view.
You hit the large abomination. You burn the large abomination.
The large abomination is almost destroyed.
You block the large abomination's attack. 3 spatial vortices come into view.
You hit the large abomination. You burn the large abomination.
You tail-slap the large abomination.
The large abomination is almost destroyed.
The spatial maelstrom hits you but does no damage.
The spatial maelstrom hits you!
* * * LOW HITPOINT WARNING * * *
You blink.
Your icy armour cracks and falls away as you move.
A reaper comes into view. It is wielding a +4 scythe of venom.
A worldbinder comes into view.
A spatial vortex comes into view.
The spatial maelstrom attacks as you move away!
The spatial maelstrom hits you.
* * * LOW HITPOINT WARNING * * *
Space warps horribly around you!!
* * * LOW HITPOINT WARNING * * *
The spatial maelstrom hits you!
* * * LOW HITPOINT WARNING * * *
Space warps around you.
* * * LOW HITPOINT WARNING * * *
A spatial vortex comes into view.
You block the spatial maelstrom's attack.
The spatial maelstrom hits you!
* * * LOW HITPOINT WARNING * * *
Space warps horribly around you!
You die...

##..~.. . .≈.#~.. . ##
# ≈~♣~...#.#.#.#
~~~#.~._#....## ♣~
♣~2~...#.v..#
≈≈~♣#~~....v# .#
≈≈...#...###.v..# #
.~~....#..#..v.v## #
.# .~~.##@vXxv.#v#
...# #
...~≈~..##.....#.....#
♣~.≈~≈.###..#..v.v...#
~~~~.~≈ #.####..## .##
..~x.~~.. ##v.##.#
..~.#~~. # . # ...~≈~~
#...# . . #.#~~#. .##.
. # #.# .§ .


You could see a reaper, a spatial maelstrom, 2 spatial vortices, a large
abomination, a worldbinder and a small abomination.

Vanquished Creatures
  Snorg (Orc:1)
  A minotaur (Gauntlet)
  An ettin (Orc:2)
  6 hydras (Lair:5)
  2 ogre magi (Orc:2)
  Erica (D:8)
  A boulder beetle (D:12)
  8 two-headed ogres (Orc:2)
  Urug (Orc:1)
  6 death yaks
  Nergalle (Orc:1)
  A thrashing horror (Abyss:2)
  A fire crab (Gauntlet)
  2 deep trolls (Orc:2)
  A swamp dragon (shapeshifter) (D:13)
  A lindwurm (Lair:5)
  An orc knight (Orc:2)
  An orc sorcerer (Orc:2)
  2 ugly things
  3 cyclopes
  2 manticores
  7 elephants
  2 slime creatures (D:12)
  2 water nymphs (Lair:2)
  9 black mambas
  11 cane toads
  A torpor snail (Lair:4)
  A gargoyle (D:12)
  10 rime drakes
  14 komodo dragons
  2 unseen horrors (D:11)
  An ancient zyme (Abyss:2)
  7 hornets
  Grinder (D:6)
  8 trolls
  3 polar bears
  2 dream sheep
  4 blink frogs
  11 spriggans (Lair:5)
  9 wyverns
  4 wraiths
  2 centaur simulacra (Gauntlet)
  8 shadows
  A ynoxinul (Abyss:2)
  36 yaks
  Eustachio (D:5)
  3 fire bats (Gauntlet)
  9 vampire mosquitoes
  9 basilisks
  2 steam dragons (D:9)
  3 wargs
  An acid dragon (D:12)
  17 water moccasins
  10 orc warriors
  6 black bears
  3 sky beasts (D:9)
  An ice beast (D:7)
  22 ogres
  5 centaurs
  36 wolves
  3 boggarts (Lair:5)
  A phantom (D:5)
  4 kobold brigands
  A small abomination (Abyss:2)
  15 bullfrogs
  2 necrophages
  3 gnoll sergeants
  4 scorpions
  A hornet simulacrum (Gauntlet)
  22 wights
  16 killer bees
  A howler monkey (D:6)
  3 electric eels
  5 centaur zombies (Ossuary)
  5 hounds
  3 jellies
  9 orc priests
  3 gnoll boudas
  An iguana (D:6)
  Ijyb (D:4)
  11 orc wizards
  5 hell rats (Lair:3)
  A boggart simulacrum (Gauntlet)
  7 mummies (Ossuary)
  25 gnolls
  16 adders
  4 shadow imps
  A white imp (D:5)
  3 ufetubi
  An adder zombie (Ossuary)
  4 worms
  4 dart slugs
  37 orcs
  7 bats
  11 endoplasms
  5 giant cockroaches
  2 gnoll zombies (Ossuary)
  6 goblins
  10 hobgoblins
  3 jackals (D:3)
  3 quokkas (D:2)
  16 ball pythons
  A goblin zombie (Ossuary)
  5 hobgoblin zombies (Ossuary)
  27 kobolds
  5 kobold zombies (Ossuary)
  An orc zombie (Ossuary)
  3 quokka zombies (Ossuary)
  11 rats
  7 rat zombies (Ossuary)
673 creatures vanquished.

Vanquished Creatures (others)
  A demonic plant (Abyss:2)
  68 fungi
  91 plants
160 creatures vanquished.

Grand Total: 833 creatures vanquished

Notes
Turn   | Place    | Note
-------+----------+-------------------------------------------
     0 | D:1      | Strat the Draconian Reaver began the quest for the Orb.
     0 | D:1      | Reached XP level 1. HP: 17/17 MP: 3/3
   189 | D:1      | You fall into a shaft and drop 1 floor!
   202 | D:2      | Reached XP level 2. HP: 17/24 MP: 3/5
   265 | D:2      | Reached XP level 3. HP: 27/29 MP: 6/6
   287 | D:2      | HP: 1/29 [worm (10)]
   481 | D:2      | Noticed a scorpion
   498 | D:1      | Learned a level 2 spell: Momentum Strike
  1179 | D:2      | Reached skill level 4 in Long Blades
  1252 | D:2      | Reached XP level 4. HP: 22/36 MP: 7/7
  1357 | D:2      | HP: 1/36 [worm (8)]
  2008 | D:3      | Reached skill level 1 in Necromancy
  2008 | D:3      | Reached skill level 1 in Translocations
  2816 | D:4      | Reached XP level 5. HP: 41/41 MP: 8/8
  2973 | D:4      | Reached skill level 5 in Long Blades
  3134 | D:4      | Reached XP level 6. HP: 48/48 MP: 9/9
  3248 | D:4      | Reached skill level 6 in Long Blades
  3401 | D:4      | Noticed Ijyb
  3425 | D:4      | Killed Ijyb
  3650 | D:4      | Found an ancient bone altar of Kikubaaqudgha.
  3650 | D:4      | Found a bloodstained altar of Trog.
  3887 | D:5      | Entered Level 5 of the Dungeon
  3944 | D:5      | Found a sand-covered staircase.
  3954 | Ossuary  | Entered an ossuary
  4147 | Ossuary  | Your scales start taking on a rich purple colour.
  4147 | Ossuary  | Reached XP level 7. HP: 50/57 MP: 10/10
  4167 | Ossuary  | Learned a level 2 spell: Blink
  4666 | D:5      | Reached skill level 7 in Long Blades
  5104 | D:6      | Found a glowing drain.
  5131 | D:6      | Noticed Grinder
  5142 | D:5      | Reached XP level 8. HP: 65/67 MP: 11/11
  5185 | D:5      | Reached skill level 5 in Fighting
  5285 | Sewer    | Entered a sewer
  5537 | D:6      | Reached skill level 8 in Long Blades
  5597 | D:6      | Reached skill level 5 in Dodging
  5600 | D:6      | Learned a level 2 spell: Searing Ray
  5622 | D:6      | Noticed Eustachio
  5637 | D:5      | Killed Eustachio
  5707 | D:6      | Killed Grinder
  5804 | D:6      | Found a staircase to the Ecumenical Temple.
  5818 | D:5      | Reached XP level 9. HP: 69/71 MP: 13/15
  5979 | Temple   | Entered the Ecumenical Temple
  6018 | Temple   | Became a worshipper of Vehumet
  6056 | D:6      | Learned a level 3 spell: Hailstorm
  6134 | D:6      | Found a runed translucent gate.
  6152 | D:6      | Found a runed translucent gate.
  6152 | D:6      | Found a runed translucent gate.
  6153 | D:6      | Noticed purpskrrrp's ghost (amateur FeMo)
  6155 | D:6      | Noticed a kobold demonologist
  6624 | D:7      | Reached skill level 5 in Conjurations
  6671 | D:7      | Reached * piety under Vehumet
  6671 | D:7      | Offered knowledge of Shock by Vehumet.
  7419 | D:7      | Found a snail-covered altar of Cheibriados.
  7600 | D:8      | Reached XP level 10. HP: 86/93 MP: 16/16
  7606 | D:8      | Reached skill level 10 in Fighting
  7688 | D:8      | Found Kisaj's Neck Hole.
  7739 | D:8      | Reached ** piety under Vehumet
  7771 | D:8      | Bought a +0 cloak for 63 gold pieces
  7877 | D:8      | Offered knowledge of Poisonous Vapours by Vehumet.
  7902 | D:8      | Found a staircase to the Lair.
  8129 | D:8      | Noticed Erica
  8139 | D:8      | Killed Erica
  8460 | D:9      | Found an opulent altar of Gozag.
  8461 | D:9      | Found an ornate altar of the Wu Jian Council.
  9045 | D:9      | Found a one-way gate to the infinite horrors of the Abyss.
  9045 | D:9      | Identified the +8 dagger "Imewnisa" {distort, rN+ Str+3}
  9073 | D:9      | Found a large runed translucent door.
  9073 | D:9      | Found a large runed translucent door.
  9075 | D:9      | Found a corrupted altar of Lugonu.
  9075 | D:9      | Noticed a white ugly thing
  9158 | D:9      | Noticed a purple ugly thing
  9184 | D:10     | Entered Level 10 of the Dungeon
  9184 | D:10     | Noticed a manticore
  9184 | D:10     | Noticed a manticore
  9184 | D:10     | Found a huge runed translucent gate.
  9184 | D:10     | Found a huge runed translucent gate.
  9184 | D:10     | Found a huge runed translucent gate.
  9184 | D:10     | Found a huge runed translucent gate.
  9224 | D:10     | Offered knowledge of Inner Flame by Vehumet.
  9225 | D:10     | Reached XP level 11. HP: 77/99 MP: 12/17
  9308 | D:10     | Reached skill level 10 in Dodging
  9500 | D:10     | Noticed Harold
  9735 | D:10     | Found a staircase to the Orcish Mines.
 10020 | Lair:1   | Entered Level 1 of the Lair of Beasts
 10050 | Lair:1   | Learned a level 3 spell: Ozocubu's Armour
 10102 | Lair:2   | Reached skill level 1 in Ice Magic
 10219 | Lair:2   | Reached *** piety under Vehumet
 10333 | Lair:2   | Reached skill level 9 in Long Blades
 10374 | Lair:2   | Reached skill level 5 in Spellcasting
 11111 | Lair:2   | Offered knowledge of Stone Arrow by Vehumet.
 11406 | Lair:1   | Reached skill level 10 in Long Blades
 11645 | Lair:1   | Reached skill level 5 in Ice Magic
 11674 | Lair:1   | Reached XP level 12. HP: 97/106 MP: 19/22
 11843 | Lair:1   | Reached **** piety under Vehumet
 11969 | Lair:1   | Identified the ring of Ytirih {rElec rC+ rN+++ Dex-3
                  | Slay+3}
 12164 | Lair:3   | Offered knowledge of Fireball by Vehumet.
 12291 | Lair:3   | Found a staircase to the Snake Pit.
 12776 | Lair:3   | Noticed a seven-headed hydra
 13030 | Lair:3   | Reached skill level 11 in Long Blades
 13107 | Lair:3   | HP: 1/106 [rime drake/icy flash freeze (15)]
 13430 | Lair:4   | Noticed a death yak
 13508 | Lair:4   | Reached skill level 12 in Long Blades
 13508 | Lair:4   | Reached skill level 1 in Evocations
 13736 | Lair:4   | Killed a death yak
 14189 | Lair:4   | Learned a level 3 spell: Frozen Ramparts
 14272 | Lair:4   | Identified the +11 hand axe of the Pits of Slime {freeze,
                  | rElec rPois rCorr Str+2 Stlth+}
 14368 | Lair:4   | Reached skill level 5 in Evocations
 14368 | Lair:4   | Reached XP level 13. HP: 105/113 MP: 25/25
 14783 | Lair:5   | Entered Level 5 of the Lair of Beasts
 14794 | Lair:5   | Reached skill level 13 in Long Blades
 14828 | Lair:5   | Identified the +5 trident "Otokk" {freeze, rF+ Str+4}
 15033 | Lair:5   | Reached ***** piety under Vehumet
 15033 | Lair:5   | Offered knowledge of Spellforged Servitor by Vehumet.
 15247 | Lair:5   | Learned a level 5 spell: Freezing Cloud
 15411 | Lair:5   | Reached skill level 14 in Long Blades
 15609 | Lair:5   | Reached skill level 1 in Air Magic
 16024 | Lair:5   | Found a staircase to the Slime Pits.
 16025 | Lair:5   | Found a viscous altar of Jiyva.
 16357 | Lair:5   | Reached skill level 1 in Shields
 16357 | Lair:5   | Reached skill level 10 in Spellcasting
 16380 | Lair:5   | Paralysed by a hornet for 3 turns
 16488 | Lair:5   | Reached XP level 14. HP: 105/121 MP: 25/28
 16899 | Lair:5   | Offered knowledge of Iskenderun's Battlesphere by Vehumet.
 17123 | Orc:1    | Entered Level 1 of the Orcish Mines
 17177 | Orc:1    | Noticed Nergalle
 17193 | Orc:1    | Killed Nergalle
 17250 | Orc:1    | Noticed Snorg
 17384 | Orc:1    | Killed Snorg
 17478 | Orc:1    | Noticed Urug
 17519 | Orc:1    | Killed Urug
 17751 | Orc:2    | Entered Level 2 of the Orcish Mines
 17785 | Orc:2    | Found a radiant altar of Vehumet.
 17958 | Orc:2    | Found a gate leading to a gauntlet.
 17977 | Gauntlet | Entered a Gauntlet
 17977 | Gauntlet | Found a transporter.
 17977 | Gauntlet | Found a transporter.
 18009 | Gauntlet | Found a transporter.
 18009 | Gauntlet | Found a transporter.
 18056 | Gauntlet | Found a runed translucent door.
 18058 | Gauntlet | Found a transporter.
 18060 | Gauntlet | Found a runed translucent door.
 18060 | Gauntlet | Found the -2 hat of the Alchemist {rElec rPois rF+ rC+ rN+
                  | Will+ rMut rCorr}
 18061 | Gauntlet | Found a transporter.
 18061 | Gauntlet | Found a transporter.
 18065 | Gauntlet | Found a transporter.
 18065 | Gauntlet | Found a transporter.
 18076 | Gauntlet | Found a transporter.
 18096 | Gauntlet | Reached skill level 5 in Shields
 18102 | Gauntlet | HP: 3/117 [fire crab] (10)]
 18215 | Gauntlet | Found a runed translucent door.
 18216 | Gauntlet | Found a runed translucent door.
 18232 | Gauntlet | Found a transporter.
 18233 | Gauntlet | Found a transporter.
 18338 | Gauntlet | Identified the +1 cloak "Myiqoof" {Fly rC+ rN+}
 18380 | Gauntlet | Identified the +6 war axe "Cietomika" {speed, rC++ rN+
                  | rCorr Str+2}
 18679 | Orc:2    | Found a staircase to the Elven Halls.
 18685 | Orc:2    | Found Ririymaw's Assorted Antiques.
 19177 | Orc:2    | Learned a level 5 spell: Iskenderun's Battlesphere
 19185 | Orc:2    | Learned a level 7 spell: Ozocubu's Refrigeration
 19190 | Orc:2    | Learned a level 4 spell: Summon Lightning Spire
 19193 | Orc:2    | Learned a level 2 spell: Wereblood
 19288 | Orc:2    | Reached skill level 1 in Summonings
 19298 | Orc:2    | Found Iwnof's Armour Emporium.
 19341 | Orc:2    | Found Ixtuyfon's Jewellery Boutique.
 19352 | Orc:2    | Found Naekhlai's Antique Weapon Shoppe.
 19888 | D:11     | Offered knowledge of Iron Shot by Vehumet.
 20761 | D:12     | Found the necklace of Bloodlust {Fury *Rage Will++ Int-3
                  | Slay+6}
 21120 | D:12     | Reached XP level 15. HP: 123/128 MP: 27/32
 21499 | D:13     | Noticed Sonja
 21509 | Abyss:2  | Cast into level 2 of the Abyss (Sonja)
 21512 | Abyss:2  | Found a corrupted altar of Lugonu.
 21670 | Abyss:2  | Found a snail-covered altar of Cheibriados.
 21706 | Abyss:2  | Found a snail-covered altar of Cheibriados.
 21709 | Abyss:2  | HP: 6/128 [spatial maelstrom (14)]
 21709 | Abyss:2  | Slain by a spatial maelstrom

Illustrated notes

Levels and vault maps discovered:
D:1:      dpeg_arrival_castle, layout_loops_ring
D:2:      layout_basic
D:3:      layout_basic
D:4:      layout_cave_pods, nicolae_overflow_two_pavilions, serial_park,
          serial_park_avenue1, serial_park_square3
          [serial_park_minivault_5x5_6], serial_park_tiny_1, serial_park_tiny_2,
          serial_park_square3 [serial_park_minivault_5x5_6], minmay_manual_mess,
          uniq_ijyb
D:5:      layout_loops_corners, enter_ossuary_1
D:6:      layout_cave_pools, minmay_temple_entry_hall,
          gammafunk_ghost_nasty_kobolds, portal_sewer_entry_a, uniq_grinder,
          uniq_eustachio
D:7:      layout_loops_ring, nicolae_overflow_hidden_temple
D:8:      layout_basic, grunt_lair_entry_orc_guard_hut,
          nicolae_shop_sticking_my_neck_out, uniq_erica
D:9:      due_chaos_kobolds, layout_small_grid, jmf_multi_god_temple,
          hangedman_misty_isle
D:10:     lemuel_bear_cage, layout_rooms, minmay_orc_entry_guard_dogs,
          minmay_misc_feat_square, uniq_harold
D:11:     layout_long_grid
D:12:     layout_loops_ring, hellmonk_guarded_unrand_vitality_bloodlust
D:13:     layout_loops_ring, david_vaults_5, uniq_sonja
Temple:   sentei_temple_godly_chess
Lair:1:   layout_long_grid, dreamdust_gnoll_shepherd
Lair:2:   layout_loops_ring, nicolae_shoals_entry_flooding
Lair:3:   layout_roguey [special_room_mythical_zoo], dummy_snake_entry,
          infiniplex_staircase_pool_2
Lair:4:   minmay_lair_venomous_thicket, layout_regular_city,
          small_statue_intersection, grunt_megastairs_3, serial_bayou_shore_a
Lair:5:   minmay_lair_end_enchanted_forest, layout_gridlike, slime_entry_1,
          st_stairs_9, lemuel_fruit_fields
Orc:1:    layout_caves, uniq_urug, uniq_snorg, uniq_nergalle
Orc:2:    st_orc_open, layout_diamond_mine, gauntlet_entry_generic, basic_altar
Abyss:2:  base: IceCv, spicy_abyss_helpful_harpoons

Skill      XL: |  1  2  3  4  5  6  7  8  9 10 11 12 13 14 15 |
---------------+----------------------------------------------+-----
Long Blades    | 4 5 6 7 8 10 12 14 | 14.0
Conjurations   | 4 6 7 8 |  8.0
Necromancy     | 1 |  1.0
Translocations | 1 |  1.0
Dodging        | 2 3 5 9 10 | 10.0
Fighting       | 3 4 7 9 10 | 10.6
Spellcasting   | 4 7 8 10 13 | 13.9
Ice Magic      | 5 7 |  7.7
Evocations     | 5 7 |  7.0
Air Magic      | 2 3 |  3.8
Shields        | 2 5 |  5.0
Summonings     | 2 3 |  3.1

Action                     |  1- 3 |  4- 6 |  7- 9 | 10-12 | 13-15 || total
---------------------------+-------+-------+-------+-------+-------++-------
  Melee: Falchion          |   151 |   186 |   492 |    64 |       ||   893
         Tailslap          |    13 |    30 |    70 |   167 |   189 ||   469
         Punch             |     1 |     5 |     5 |    16 |    11 ||    38
         Scimitar          |       |       |       |   875 |  1066 ||  1941
   Cast: Kiss of Death     |     1 |     1 |     2 |     2 |     3 ||     9
         Momentum Strike   |       |    10 |    10 |    24 |    10 ||    54
         Searing Ray       |       |       |     2 |     7 |       ||     9
         Hailstorm         |       |       |       |    11 |    19 ||    30
         Blink             |       |       |       |     5 |     5 ||    10
         Frozen Ramparts   |       |       |       |     5 |    69 ||    74
         Ozocubu's Armour  |       |       |       |     2 |    47 ||    49
         Freezing Cloud    |       |       |       |       |     5 ||     5
         Iskenderun's Batt |       |       |       |       |     2 ||     2
Ability: Breathe Dispellin |       |       |       |     5 |     1 ||     6
  Evoke: Wand              |       |       |       |     4 |     9 ||    13
         Box of beasts     |       |       |       |       |     1 ||     1
    Use: Scroll            |       |    11 |    12 |    12 |     8 ||    43
         Potion            |       |     1 |       |     7 |     9 ||    17
   Stab: Sleeping          |     3 |     1 |     2 |       |       ||     6
 Armour: Skin              |    62 |    54 |   168 |   200 |   316 ||   800
  Dodge: Dodged            |   124 |   196 |   658 |   962 |  1049 ||  2989
  Block: Buckler           |       |       |       |       |   115 ||   115

Table legend: (Time is in decaauts)
 A = Elapsed time spent in this place.
 B = Non-inter-level travel time spent in this place.
 C = Inter-level travel time spent in this place.
 D = Time resting spent in this place.
 E = Time spent auto-exploring this place.
 F = Levels seen in this place.
 G = Mean time per level.
                   A        B        C        D        E       F      G
               +--------+--------+--------+--------+--------+-----+--------+
         Total |  21636 |  20689 |    947 |   2655 |  10870 |  25 |  865.4 |
       Dungeon |  11599 |  11004 |    595 |   1174 |   6591 |  13 |  892.2 |
        Temple |     43 |     36 |      7 |      0 |      0 |   1 |   43.0 |
          Lair |   6836 |   6556 |    280 |    994 |   3224 |   5 | 1367.2 |
  Orcish Mines |   1672 |   1608 |     64 |    239 |    667 |   2 |  836.0 |
         Abyss |    191 |    191 |      0 |     60 |      0 |   1 |  191.0 |
         Sewer |    279 |    279 |      0 |      0 |    131 |   1 |  279.0 |
       Ossuary |    516 |    516 |      0 |      0 |    252 |   1 |  516.0 |
      Gauntlet |    496 |    496 |      0 |    188 |      4 |   1 |  496.0 |
               +--------+--------+--------+--------+--------+-----+--------+

Top non-repeatable levels by time:
  Lair:5: 2009 daAuts
  Lair:4: 1371 daAuts
  Lair:3: 1361 daAuts
  Lair:2: 1203 daAuts
     D:4: 1117 daAuts
   Orc:2: 1105 daAuts
     D:5: 1060 daAuts
     D:3: 1053 daAuts
     D:2: 1021 daAuts
     D:6: 1004 daAuts
     D:8: 963 daAuts
     D:7: 958 daAuts
    D:10: 936 daAuts
     D:9: 895 daAuts
  Lair:1: 890 daAuts
